 Dungeon Crawl Stone Soup version 0.22-a0-367-gb72a975 (webtiles) character file.

54 Falco the Conjurer (level 3, 0/26 HPs)
             Began as a Hill Orc Conjurer on Apr 22, 2018.
             Slain by a worm (10 damage)
             ... on level 2 of the Dungeon.
             The game lasted 00:16:21 (2941 turns).

Falco the Conjurer (Hill Orc Conjurer)              Turns: 2941, Time: 00:16:22

Health: 0/26       AC:  2    Str: 10    XL:     3   Next: 91%
Magic:  0/6        EV: 12    Int: 16    God:
Gold:   57         SH:  0    Dex: 11    Spells: 3/6 levels left

rFire    . . .     SeeInvis .   (no weapon)
rCold    . . .     Gourm    .   (no shield)
rNeg     . . .     Faith    .   a - +0 robe
rPois    .         Spirit   .   (no helmet)
rElec    .         Reflect  .   (no cloak)
rCorr    .         Harm     .   (no gloves)
MR       .....                  (no boots)
Stlth    ++........             (no amulet)
HPRegen  0.08/turn              c - ring of flight
MPRegen  0.10/turn              (no ring)

@: no status effects
A: no striking features
a: Evoke Flight


You were on level 2 of the Dungeon.
You were not hungry.

You visited 1 branch of the dungeon, and saw 2 of its levels.

You collected 57 gold pieces.

Inventory:

Armour
 a - a +0 robe (worn)
Jewellery
 c - a ring of flight (left hand)
Scrolls
 d - 2 scrolls of enchant armour {unknown}
 f - 4 scrolls of identify {unknown}
 i - 3 scrolls of remove curse {unknown}
Potions
 b - a potion of might {unknown}
 e - a potion of mutation {unknown}
 g - a potion of invisibility {unknown}
 h - 2 potions of lignification {unknown}
 k - 2 potions of curing {unknown}
 l - a potion of brilliance {unknown}
 m - a potion of haste {unknown}


   Skills:
 + Level 1.8 Dodging
 + Level 1.7 Stealth
 + Level 0.3 Unarmed Combat
 + Level 2.0 Spellcasting
 + Level 4.9 Conjurations


You had 3 spell levels left.
You knew the following spells:

 Your Spells              Type           Power        Failure   Level  Hunger
a - Magic Dart            Conj           ###.         2%          1    #......
b - Searing Ray           Conj           ###...       4%          2    ###....


Dungeon Overview and Level Annotations

Branches:
Dungeon (2/15)

Altars:


Message History

The magic dart hits the worm.
The worm is severely wounded.
Casting: Magic Dart (safe; 2% risk of failure)
Confirm with . or Enter, or press ? or * to list all spells.
Aiming: Magic Dart (safe; 2% risk of failure)
Press: ? - help, Shift-Dir - straight line, f/p - worm
Aim: a worm (heavily wounded)
The magic dart hits the worm.
The worm is severely wounded.
Casting: Magic Dart (safe; 2% risk of failure)
Confirm with . or Enter, or press ? or * to list all spells.
Aiming: Magic Dart (safe; 2% risk of failure)
Press: ? - help, Shift-Dir - straight line, f/p - worm
Aim: a worm (moderately wounded)
The magic dart hits the worm.
The worm is heavily wounded.
You barely miss the worm.
The worm is moderately wounded.
The worm bites you!
You die...

#............# #...##
#.........(..# ###...##
#............# #.......
#............# #.#...##
#............# #.######
#............# ###.######
############.######.........
#######..............(.....####
..............@w...........# #
##......#######..#######...####
#......# #..# ####.......
#......# #..# #.....(####
#......# #..# #......####
#......# #..# #......##..
#......#######.)# #####.....#
#...........##..# #..##.#
#...............# #.###.#


You could see a worm.

Vanquished Creatures
  An ooze (D:2)
  2 dart slugs (D:1)
  2 leopard geckos
  4 giant cockroaches
  5 hobgoblins
  2 jackals (D:2)
  9 kobolds
  A quokka (D:2)
  5 bats
  8 frilled lizards
  2 goblins (D:1)
  3 rats (D:2)
44 creatures vanquished.

Notes
Turn   | Place    | Note
-------+----------+-------------------------------------------
     0 | D:1      | Falco the Hill Orc Conjurer began the quest for the Orb.
     0 | D:1      | Reached XP level 1. HP: 14/14 MP: 3/3
   274 | D:1      | Reached XP level 2. HP: 18/20 MP: 0/4
   915 | D:1      | Reached XP level 3. HP: 26/26 MP: 0/5
  1829 | D:2      | Learned a level 2 spell: Searing Ray
  2941 | D:2      | Slain by a worm

Vault maps used:
D:1:      nzn_arrival_depleted_hourglass

Skill      XL: |  1  2  3 |
---------------+----------+-----
Spellcasting   | 2 |  2.0
Dodging        | |  1.8
Stealth        | |  1.7
Unarmed Combat | |  0.3
Conjurations   | |  4.9

Action                   || total
-------------------------++-------
Melee: Unarmed           ||    49
 Cast: Magic Dart        ||   107
       Searing Ray       ||     2
  Eat: Ration            ||     2
       Chunk             ||     2
Armor: Robe              ||     7
Dodge: Dodged            ||    30

Table legend:
 A = Spawn XP
 B = Non-spawn XP
 C = Spawn XP percentage of total XP
 D = Spawn monster count
 E = Non-spawn monster count
 F = Spawn count percentage of total count
 G = Total turns spent on level
                    A         B        C        D         E        F      G
               +---------+---------+-------+---------+---------+-------+---------
         Total |       0 |      78 |   0.0 |       0 |      44 |   0.0 |  2941
               +---------+---------+-------+---------+---------+-------+---------
           D:1 |       0 |      40 |   0.0 |       0 |      22 |   0.0 |  1401
           D:2 |       0 |      38 |   0.0 |       0 |      22 |   0.0 |  1540
               +---------+---------+-------+---------+---------+-------+---------
